 Dungeon Crawl Stone Soup version 0.31-a0-703-gcfe89afef6 (webtiles) character file.

Game seed: 13651554015121698347

146 dualclasshuman the Trooper (level 5, 0/5 HPs)
             Began as an Ogre Chaos Knight on Sept 8, 2023.
             Was a Plaything of Xom.
             Slain by an ufetubus (5 damage)
             ... on level 5 of the Dungeon.
             The game lasted 00:07:24 (1984 turns).

dualclasshuman the Trooper (Ogre Chaos Knight)      Turns: 1984, Time: 00:07:25

Health: 0/5        AC:  0    Str: 18    XL:     5   Next: 28%
Magic:  7/7        EV: 10    Int: 13    God:    Xom [...*..]
Gold:   154        SH:  0    Dex:  8    Spells: 6/6 levels left

rFire   . . .        a - melded +0 spear (chaos)
rCold   . . .        (shield currently unavailable)
rNeg    . . .        b - melded +2 robe
rPois   ∞            (helmet currently unavailable)
rElec   +            f - melded +0 cloak
rCorr   .            (gloves unavailable)
SInv    .            (boots unavailable)
Will    .....        (no amulet)
Stlth   +            (no ring)
HPRegen 0.20/turn    (no ring)
MPRegen 0.10/turn

%: no passive effects
@: storm-form, flying
A: cleaving, insubstantial, flying, reduced hp, large, unfitting armour, (tough
skin 1)
a: Blinkbolt, Begin Untransformation, Renounce Religion


You were on level 5 of the Dungeon.
You worshipped Xom.
You were a favourite toy of Xom.
You were a lightning-filled tempest!
You visited 1 branch of the dungeon, and saw 4 of its levels.

You collected 154 gold pieces.

Inventory:

Hand Weapons
 a - a +0 spear of chaos (melded)
 i - a +0 sling
 o - a +1 dagger of draining
 p - a +0 falchion of holy wrath
 q - a +1 dagger of venom
Missiles
 n - 24 stones (quivered)
Armour
 b - a +2 robe (melded)
 f - a +0 cloak (melded)
Jewellery
 d - a ring of magical power
Talismans
 u - a beast talisman
 v - a storm talisman (active)
Scrolls
 c - a scroll of butterflies
 k - a scroll of identify {unknown}
 r - a scroll of vulnerability {unknown}
Potions
 e - a potion of enlightenment {unknown}
 g - 2 potions of lignification {unknown}
 h - a potion of curing {unknown}
 j - a potion of heal wounds {unknown}
 m - 3 potions of mutation {unknown}
 s - a potion of attraction {unknown}


   Skills:
 * Level 5.2 Fighting
 + Level 4.0 Polearms
 * Level 3.1 Dodging
 - Level 0.1 Stealth
 * Level 1.4 Spellcasting
 + Level 0.1 Shapeshifting


You had 6 spell levels left.
You didn't know any spells.
Your spell library contained the following spells:

 Spells                   Type           Power      Damage    Failure   Level
 Apportation              Tloc           0%         N/A       26%         1
 Necrotise                Necr           0%         1d4       26%         1
 Summon Small Mammal      Summ           0%         N/A       26%         1


Dungeon Overview and Level Annotations

Branches:
Dungeon (3/15)

Altars:

Shops:
D:3 (


Innate Abilities, Weirdness & Mutations

You are a lightning-filled tempest!
Your electrical attacks strike out in all directions at once.
You are incredibly evasive.
Your insubstantial body is immune to petrification, constriction, and being set on fire You are flying.
Your maximum health is decreased, since you lack skill for your form.
Your armour is entirely melded.
You are incapable of wielding weapons or throwing items.
You are too large for most types of armour.
You are immune to poison.
((You have tough skin. (AC +1)))


Message History

n - 17 stones (gained 4) "Whee!"
Your surroundings suddenly seem different.
Found a dagger.
Your surroundings suddenly seem different.
Found a stone staircase leading down.
A gnoll comes into view. It is wielding a +0 whip.
The gnoll shouts!
A gnoll comes into view. It is wielding a +0 club.
An adder, a frilled lizard and a gnoll come into view.
Found 9 gold pieces.
The gnoll shouts!
A giant cockroach comes into view.
The gnoll moves out of view.
As you read the scroll of summoning, it crumbles to dust.
Wisps of shadow whirl around you...
The adder hisses angrily.
The frilled lizard hisses angrily.
What are your orders? t - Bellow!
Orders for allies: a - Attack new target. r - Retreat! s - Stop attacking. g - Guard the area. f - Follow me.
Anything else - Cancel.
Okay, then.
As you read the scroll of fog, it dissolves into smoke.
Your bat closely misses the gnoll.
Your goblin barely misses the gnoll.
A frilled lizard comes into view.
A malevolent force fills the Dungeon...
You are sucked into a shaft and drop 2 floors!
The shaft crumbles and collapses.
Your summoned allies are left behind.
Found 7 stones and a smoky grey potion.
n - 24 stones (gained 7)
Found 19 gold pieces.
g - 2 smoky grey potions (gained 1)
An ufetubus comes into view.
You hit the ufetubus but do no damage. The ufetubus barely misses you.
The ufetubus misses you. The ufetubus barely misses you. The ufetubus hits you.
Ouch! That really hurt!
You die... "Huh?
Did I miss anything?"

#.#....######
#...........#
####........#
+........+
#........# .
#........###.
...###.............
...................
####5v...........
...................
.........####......
.........# ......
....$..... ......
........#.. ####
........##.
........# #.


You could see an ufetubus.

Vanquished Creatures
  A scorpion (D:3)
  A hound (D:2)
  A worm (D:2)
  3 endoplasms (D:2)
  2 giant cockroaches
  7 goblins
  2 hobgoblins (D:2)
  9 jackals
  3 kobolds
  4 quokkas
  6 ball pythons
  5 bats
  5 frilled lizards
  4 rats
53 creatures vanquished.

Vanquished Creatures (collateral kills)
  A frilled lizard (D:2)
1 creature vanquished.

Grand Total: 54 creatures vanquished

Notes
Turn   | Place    | Note
-------+----------+-------------------------------------------
     0 | D:1      | dualclasshuman the Ogre Chaos Knight began the quest for
                  | the Orb.
     0 | D:1      | Reached XP level 1. HP: 24/24 MP: 1/1
    90 | D:1      | XOM: potion effect (might)
   266 | D:1      | Reached XP level 2. HP: 26/33 MP: 2/2
   500 | D:1      | XOM is BORED!
   500 | D:1      | XOM: silly message
   620 | D:1      | Found a faded altar of an unknown god.
   791 | D:1      | XOM: god gift: scroll labelled JIUZES DAENT {god gift}
  1008 | D:2      | XOM: cloud trail
  1118 | D:2      | Reached XP level 3. HP: 40/40 MP: 3/3
  1545 | D:2      | XOM is BORED!
  1545 | D:2      | XOM: polymorph adder -> hound
  1563 | D:2      | Reached skill level 5 in Fighting
  1563 | D:2      | Reached skill level 1 in Spellcasting
  1563 | D:2      | Reached XP level 4. HP: 50/50 MP: 3/5
  1698 | D:3      | Found Wysmifou's Weapon Shop.
  1845 | D:3      | Noticed a scorpion
  1864 | D:3      | Killed a scorpion
  1865 | D:3      | Reached XP level 5. HP: 18/57 MP: 5/7
  1941 | D:3      | XOM: 2-stop teleportation journey
  1968 | D:3      | You are sucked into a shaft and drop 2 floors!
  1968 | D:5      | Entered Level 5 of the Dungeon
  1984 | D:5      | Slain by an ufetubus

Illustrated notes

Levels and vault maps discovered:
D:1:      psy_arrival_fountain, layout_basic, dreamdust_ecumenical_altar_grove,
          bh_walls_and_bars
D:2:      kennysheep_six_static_rooms, layout_basic, grunt_decor_mini_mirrors
D:3:      layout_rooms, serial_shops, shop, nicolae_houndstooth_variations
D:5:      layout_basic, minmay_temple_entry_gardened_gates,
          gammafunk_ghost_hive, serial_bayou_pond_a

Skill      XL: |  1  2  3  4 |
---------------+-------------+-----
Fighting       | 5 |  5.2
Spellcasting   | 1 |  1.4
Polearms       | 4 |  4.0
Dodging        | 3 |  3.1
Stealth        | |  0.1
Shapeshifting  | |  0.1

Action                     |  1- 3 |  4- 6 || total
---------------------------+-------+-------++-------
  Melee: Spear             |   134 |    39 ||   173
         Punch             |     2 |       ||     2
         Unarmed           |       |     1 ||     1
    Use: Scroll            |     2 |     2 ||     4
   Stab: Paralysed         |     4 |       ||     4
         Sleeping          |     1 |     1 ||     2
 Armour: Robe              |    58 |    18 ||    76
         Skin              |       |     1 ||     1
  Dodge: Dodged            |    50 |    21 ||    71
   Form: Beast             |       |     1 ||     1
         Storm             |       |     1 ||     1

Table legend: (Time is in decaauts)
 A = Elapsed time spent in this place.
 B = Non-inter-level travel time spent in this place.
 C = Inter-level travel time spent in this place.
 D = Time resting spent in this place.
 E = Time spent auto-exploring this place.
 F = Levels seen in this place.
 G = Mean time per level.
                   A        B        C        D        E       F      G
               +--------+--------+--------+--------+--------+-----+--------+
         Total |   1970 |   1911 |     59 |      0 |   1465 |   4 |  492.5 |
       Dungeon |   1970 |   1911 |     59 |      0 |   1465 |   4 |  492.5 |
               +--------+--------+--------+--------+--------+-----+--------+

Top non-repeatable levels by time:
     D:1: 935 daAuts
     D:2: 743 daAuts
     D:3: 275 daAuts
     D:5: 15 daAuts
